[Event "4NCL Div 1 2024-25"]
[Site "England"]
[Date "2025.01.26"]
[Round "4.18"]
[White "Pert, Richard G"]
[Black "Roberson, Peter T"]
[Result "1/2-1/2"]
[Annotator "TA"]
[ECO "D02"]
[WhiteElo "2399"]
[BlackElo "2432"]
[PlyCount "29"]
[EventDate "2024.11.23"]
[EventType "team-tourn"]
[EventCountry "ENG"]
[SourceTitle "playchess.com"]
[Source "ChessBase"]
[SourceQuality "1"]
[TimeControl "40/6000+30:3000+30"]

1. d4 d5 2. Nf3 Nf6 3. Bf4 c5 4. e3 Nc6 5. Nbd2 Bg4 6. h3 {[%emt 0:01:24] D02: 1 d4 d5 2 Nf3 sidelines, including 2...Nf6 3 g3 and 2...Nf6 3 Bf4.} Bxf3 7. Nxf3 e6 8. Be2 Bd6 9. dxc5 Bxf4 10. exf4 Ne4 11. O-O Nxc5 12. c4 $146 (12. Qd2 O-O 13. Rad1 Qb6 14. c3 Rfd8 15. Qc2 h6 16. g3 Rac8 17. Kg2 a6 18. h4 {½-½ Grover,S (2488)-Ostrovskiy,A (2370) Budapest Vezerkepzo GM 09 2023 (4)}) 12... d4 {[%emt 0:08:46] [#] and ...d3 should not be overlooked} 13. Qd2 (13. b4 $11 Nxb4 14. Nxd4) 13... Qf6 (13... d3 $15 14. Bd1 a5) 14. Rfe1 O-O 15. Bf1 {[%emt 0:02:11] An uneventful encounter.   Weighted Error Value: White=0.15 (very precise) /Black=0.08 (flawless)   Mistake:       	White=1     	Black=1      OK:         	White=4     	Black=6} 1/2-1/2

[Event "4NCL Div 1 2024-25"]
[Site "England"]
[Date "2025.01.26"]
[Round "4.19"]
[White "O`Gorman, Tom"]
[Black "Hebden, Mark L"]
[Result "1/2-1/2"]
[Annotator "TA"]
[ECO "E94"]
[WhiteElo "2380"]
[BlackElo "2372"]
[PlyCount "149"]
[EventDate "2024.11.23"]
[EventType "team-tourn"]
[EventCountry "ENG"]
[SourceTitle "playchess.com"]
[Source "ChessBase"]
[SourceQuality "1"]
[TimeControl "40/6000+30:3000+30"]

1. d4 Nf6 2. c4 g6 3. Nc3 Bg7 4. e4 d6 5. Nf3 O-O 6. Be2 e5 7. O-O Nbd7 8. Be3 Qe7 $1 {[%emt 0:00:45][%mdl 4] is recently more successful than 8...c6.} 9. dxe5 dxe5 {[%emt 0:00:16] E94: King's Indian: Classical: 6 Be2 e5 7 0-0: Various Black 7th moves.} 10. Nd5 Qd8 11. Qc2 Nh5 12. g3 c6 13. Nc3 Nhf6 14. Rad1 Qe7 15. a3 Ng4 16. Bg5 f6 17. Bc1 Nc5 18. b4 Ne6 19. c5 Nh6 20. Na4 $146 (20. Rfe1 Nc7 21. Na4 Nf7 22. Nb2 Bh6 23. Bxh6 Nxh6 24. Nc4 Bg4 25. Nfd2 Bxe2 26. Rxe2 {½-½ Degtyaryov,S (2272)-Rice,P (2281) MT-Esko sf03 email 2017 [2]}) 20... Nf7 21. h4 f5 22. exf5 gxf5 23. Bc4 Kh8 (23... e4 $15 {is superior.}) 24. Nc3 $36 {[%emt 0:05:13][%cal Ba4c3,Bc3e2,Be2f4,Bf4d3][%mdl 2080] White has the initiative.} Nd4 (24... Qf6 $11 {remains equal.}) 25. Nxd4 $16 exd4 26. Ne2 {[%emt 0:00:13][%cal Of1e1] White is much more active.} Ne5 27. Nf4 $1 (27. Rxd4 $2 Nf3+ 28. Kg2 Nxd4 $19) 27... a5 (27... b6 $16) 28. Kg2 (28. Rxd4 $2 Nf3+ 29. Kg2 Nxd4 $19) 28... axb4 29. axb4 (29. Rxd4 Qxc5 30. Bb2 bxa3 $17) 29... b5 {[%emt 0:01:41] [#]} (29... Nxc4 $16 30. Qxc4 b5) 30. Bb3 $1 $18 (30. cxb6 Qxb4 31. Bb3 (31. Rxd4 Qa4 $17) 31... Ba6 $11) 30... d3 (30... Nc4 $142 31. Rfe1 Qf7) 31. Nxd3 f4 (31... Nxd3 {was worth a try.} 32. Qxd3 Qe4+ 33. Qxe4 fxe4) 32. Nxf4 (32. Bxf4 Ng6 33. Rfe1 Qf6 $18) 32... Bf5 33. Qe2 Rae8 34. Bc2 $2 (34. Rfe1) 34... Bg4 35. f3 Nxf3 36. Qxe7 Rxe7 37. Rxf3 Re2+ 38. Rf2 ({White should play} 38. Nxe2 $16 {Rxf8+ would kill now.} Bxf3+ 39. Kh3 Bxe2 40. Rd6) 38... Rxc2 $1 $14 39. Rxc2 Bxd1 {[%emt 0:00:09] A strong pair of Bishops.} 40. Rd2 Bg4 41. Bb2 Bxb2 42. Rxb2 $16 {[%emt 0:00:06][%mdl 4096] Endgame KRB-KRN. White is a pawn up.} Re8 43. Rd2 Re4 44. Rd6 Rxb4 45. Rxc6 Rb2+ 46. Kf1 Rc2 47. h5 {[%emt 0:00:00] Threatening h6.} b4 {[%emt 0:00:00] White must now prevent ...b3.} 48. h6 b3 49. Rb6 Rxc5 50. Rxb3 Kg8 51. Rb7 Bf5 {[%emt 0:00:00] [#]} 52. g4 $1 Kf8 (52... Bxg4 53. Rg7+) 53. g5 Rc4 54. Nh5 Re4 55. Nf6 Re7 56. Rb8+ Kf7 57. Kf2 Bg6 58. Rg8 Bf5 59. Kg3 Ke6 60. Kf4 Bc2 61. Rg7 (61. Rc8 $16 Bg6 62. Rc6+ Kf7 63. Ng4 Re4+ 64. Kg3) 61... Kd6 62. Kg4 Bd1+ 63. Kh4 Bc2 $1 64. Kh5 Bd1+ 65. Kh4 Bc2 $1 {[%emt 0:00:06] [#]} 66. Rxh7 Bxh7 $11 {[%emt 0:06:27] The position is equal.} 67. Nxh7 $14 {[%emt 0:00:04] KR-KN} Ke6 $1 (67... Rxh7 $2 {loses.} 68. Kh5 Rf7 69. g6 $18 (69. Kg6 Ke6 $11)) 68. g6 {[%emt 0:00:46] aiming for Kg5.} Ra7 69. Ng5+ (69. g7 {simplifies} Rxg7 70. hxg7 Kf7 71. Ng5+) 69... Kf6 70. h7 Kg7 71. Kh5 Ra5 72. Kg4 Ra4+ 73. Kh5 Ra5 74. Kg4 Ra4+ 75. Kh5 {[%emt 0:00:06] Black escapes into a draw.   Weighted Error Value: White=0.19 (very precise) /Black=0.22 (precise)   Mistake:       	White=4     	Black=6      Inaccurate:     	White=3     	Black=2      OK:         	White=28    	Black=27     Best:        	White=2     	Black=6      Strong:       	White=1     	Black=4      Brilliant:      	White=1     	---} 1/2-1/2

[Event "4NCL Div 1 2024-25"]
[Site "England"]
[Date "2025.01.26"]
[Round "4.20"]
[White "Williams, Simon K"]
[Black "Price, Gwilym"]
[Result "1-0"]
[Annotator "TA"]
[ECO "B21"]
[WhiteElo "2442"]
[BlackElo "2223"]
[PlyCount "105"]
[EventDate "2024.11.23"]
[EventType "team-tourn"]
[EventCountry "ENG"]
[SourceTitle "playchess.com"]
[Source "ChessBase"]
[SourceQuality "1"]
[TimeControl "40/6000+30:3000+30"]

1. f4 c5 2. Nf3 g6 3. e4 Bg7 4. Be2 Nc6 5. O-O e6 6. d3 {[%emt 0:01:22][%cal Bd2d3,Bd3d4][%mdl 32] B21: Sicilian: 2 f4 and Morra Gambit.} Nge7 7. c3 f5 8. e5 {[%emt 0:02:26] White is slightly better.} d6 $146 (8... b6 9. d4 cxd4 10. cxd4 Nd5 11. Nc3 Nce7 12. Ng5 Bb7 13. Bf3 O-O 14. Nxd5 Bxd5 15. Bxd5 Nxd5 {0-1 Tietz,B (1579)-Benicke,B (1701) GER-ch Net blitz qual4 2021 (7)}) 9. d4 O-O 10. Na3 Nd5 11. Nc4 dxe5 12. dxe5 Nc7 (12... Qc7 $14) 13. a4 (13. Nd6 $16) 13... b6 14. Nd6 Ba6 15. Bb5 Bxb5 16. axb5 (16. Nxb5 $6 Nd5 $14) 16... Ne7 {[%emt 0:00:40][%csl Od6] Strong Square White (d6)} 17. Qe2 Nc8 18. Rd1 Qe7 19. Be3 {[%emt 0:03:12] White is much more active. The black rooks are passive.} h6 {[%emt 0:15:07] White has space advantage and is better} (19... Nd5 $16 {keeps fighting.}) 20. Qd2 Nd5 21. Bf2 Nxd6 22. exd6 Qxd6 23. c4 Qxf4 24. cxd5 Qxd2 25. Rxd2 ({Don't take} 25. Nxd2 exd5 26. Ra2 Rfd8 $16) 25... exd5 26. Rxd5 Bxb2 27. Ra2 Bf6 28. Nd2 (28. Bg3 $16) 28... Rfd8 $14 29. Rxd8+ Rxd8 30. Kf1 Be5 31. Nc4 Bb8 32. Ke2 Kf7 33. Ra3 g5 34. h3 h5 35. Re3 Rd4 ({Black should try} 35... Rd5 $11) 36. Ne5+ Bxe5 37. Rxe5 {[%emt 0:00:03][%mdl 4096] Endgame KRB-KR} Rb4 38. Rxf5+ Kg6 39. Rd5 Rb2+ 40. Kf3 g4+ 41. hxg4 hxg4+ 42. Kg3 $1 Rxb5 43. Kxg4 Rb4+ 44. Kf3 {[%emt 0:00:12] [#]} a5 45. g4 {[%emt 0:00:00][%cal Bg2g4,Bg4g5,Bg5g6][%mdl 32] Strongly threatening Rd6+.} a4 46. Rd6+ Kf7 47. g5 a3 48. g6+ Kg8 $2 {[%emt 0:00:00][%mdl 8192] [#] This costs Black the game.} (48... Ke7 $16) 49. Bg3 {[%emt 0:00:00] White mates.} Rb3+ 50. Kg4 Re3 51. Rxb6 a2 52. Ra6 Re6 53. Rxe6 {[%emt 0:00:00] Weighted Error Value: White=0.11 (very precise) /Black=0.26 (precise)   Loses game:     	---       	Black=1      Mistake:       	White=2     	Black=3      Inaccurate:     	White=1     	Black=4      OK:         	White=19    	Black=18     Best:        	White=4     	Black=6      Strong:       	White=1     	---} 1-0

[Event "4NCL Div 1 2024-25"]
[Site "England"]
[Date "2025.01.26"]
[Round "4.21"]
[White "Dong, Bao Nghia"]
[Black "Pert, Max"]
[Result "0-1"]
[Annotator "TA"]
[ECO "D31"]
[WhiteElo "2247"]
[BlackElo "2076"]
[PlyCount "58"]
[EventDate "2024.11.23"]
[EventType "team-tourn"]
[EventCountry "ENG"]
[SourceTitle "playchess.com"]
[Source "ChessBase"]
[SourceQuality "1"]
[TimeControl "40/6000+30:3000+30"]

1. d4 d5 2. c4 e6 3. Nc3 a6 4. e3 Nf6 5. Nf3 Be7 {[%emt 0:01:33] [#]} 6. g4 $146 {[%emt 0:01:18] D31: Queen's Gambit Declined: Semi-Slav without ...Nf6 (+ Marshall Gambit and Noteboom) and Exchange Variation lines without ...Nf6.} (6. cxd5 exd5 7. Bd3 O-O 8. O-O c5 9. dxc5 Bxc5 10. h3 Nc6 11. Ne2 Bd6 12. b3 Ne5 13. Nxe5 Bxe5 14. Rb1 Be6 15. Bb2 Bxb2 16. Rxb2 Rc8 17. Nd4 Qd6 18. Qb1 Rc7 {1-0 Nakamura,H (2736)-Sjugirov,S (2675) Speed Chess Super Swiss KO blitz 2020 (1.3)}) 6... dxc4 $15 (6... Nxg4 $6 7. Rg1 $14) 7. Ne5 c5 8. Bg2 {[%emt 0:11:06] Black has an edge.} O-O 9. h4 Qc7 (9... cxd4 $17 10. Qxd4 Nfd7 11. Nxc4 Nc6 12. Bxc6 bxc6) 10. g5 $11 Nfd7 11. Ng4 (11. Nxc4 $15 cxd4 12. Qxd4) 11... Nc6 $17 12. Bxc6 Qxc6 13. d5 exd5 ({Better is} 13... Qd6 $19 {And now ...b5 would win.} 14. e4 b5) 14. Nxd5 (14. Qxd5 $17 Qxd5 15. Nxd5) 14... Bd8 {[%emt 0:01:20] [#]} 15. Rg1 (15. e4 $142) 15... Re8 $19 16. Ngf6+ (16. f3 $142) 16... Bxf6 (16... gxf6 17. gxf6+ Kh8 18. Qg4 Bxf6 (18... Qxd5 19. Qg7#) (18... Ba5+ 19. Kf1) 19. Ne7 $16) 17. gxf6 Nxf6 18. Nxf6+ Qxf6 19. Bd2 Qxb2 20. Rb1 $2 (20. Rc1 {is a better defense.} Rd8 (20... Qxa2 21. Bc3 $15) 21. Qc2 Qxc2 22. Rxc2) 20... Qxa2 21. Rb6 (21. Bc3 $142 g6 22. h5) 21... Bf5 22. Rxg7+ $2 (22. Bc3 g6 23. Qe2) 22... Kxg7 23. Bc3+ Kg8 24. Qh5 Qc2 ({Not} 24... Bg6 25. Rxg6+ fxg6 26. Qd5+ Kf8 27. Qf3+ Kg8 (27... Ke7 28. Qxb7+ Ke6 29. Qc6+ Ke7 30. Qc7+ Ke6 31. Qc6+ Ke7 32. Qc7+ Ke6 33. Qc6+ $11) 28. Qd5+ Kf8 29. Qf3+ Ke7 30. Qxb7+ Ke6 31. Qc6+ Ke7 32. Qb7+ Kd6 33. Qb6+ Kd7 34. Qb7+ Kd6 35. Qb6+ Kd7 36. Qb7+ Kd6 $11) 25. Qg5+ Bg6 26. Bf6 {[%emt 0:00:14] Prevents Rad8} c3 27. Qh6 Qd2+ {[%emt 0:00:05] Black mates.} 28. Kf1 Qd1+ 29. Kg2 Qg4+ {[%emt 0:00:07] Weighted Error Value: White=1.43/Black=0.17 (very precise)   Mistake:       	White=7     	Black=2      Inaccurate:     	White=1     	Black=1      OK:         	White=2     	Black=7      Best:        	White=3     	---} (29... Be4+ $142 30. Kh2 Qh1+ 31. Kg3 Qf3+ 32. Kh2 Qg2#) 0-1

[Event "4NCL Div 1 2024-25"]
[Site "England"]
[Date "2025.01.26"]
[Round "4.22"]
[White "Kirk, Ezra"]
[Black "Onslow, Alfie"]
[Result "1/2-1/2"]
[Annotator "TA"]
[ECO "B12"]
[WhiteElo "2386"]
[BlackElo "2170"]
[PlyCount "121"]
[EventDate "2024.11.23"]
[EventType "team-tourn"]
[EventCountry "ENG"]
[SourceTitle "playchess.com"]
[Source "ChessBase"]
[SourceQuality "1"]
[TimeControl "40/6000+30:3000+30"]

1. e4 c6 2. d4 d5 3. e5 c5 4. Nf3 cxd4 5. Nxd4 Nc6 6. c4 {[%emt 0:01:26] B12: Caro-Kann: Advance Variation.} e6 7. Nc3 {[%emt 0:03:10] next cxd5 is good for White.} Bc5 {[%emt 0:01:05] seems to push 7...Bb4 aside.} 8. Nxc6 bxc6 9. cxd5 exd5 10. Bd3 Ne7 11. O-O Bf5 12. Bg5 {[%emt 0:04:40] [#] Black must now prevent Bxf5.} Bxd3 13. Qxd3 {[%emt 0:00:29] A sharp opening} O-O 14. Na4 Bb6 15. Qa3 Re8 16. Rac1 Rc8 17. Rfe1 $146 (17. Nxb6 axb6 18. Qd6 Qc7 19. Bxe7 Qxe7 20. Rxc6 Rxc6 21. Qxc6 Qxe5 22. Qxb6 Rb8 23. Qc5 Qxb2 24. Qxd5 {½-½ Jones,G (2562)-Wang,P (2383) Sydney op-A Parramatta 2008 (4)}) 17... h6 18. Bh4 Qd7 19. Qd6 Qe6 20. Bxe7 (20. Qxe6 fxe6 21. Nc5 Nf5 22. Bg3) 20... Rxe7 21. Qb4 (21. Qxe6 {simplifies} fxe6 22. Nc5 Kf7 23. g3) 21... Rb8 {[%emt 0:10:24][%cal Ob6f2] [#]} 22. Qd2 Rc8 23. b4 Qf5 24. Nxb6 axb6 25. f4 Ra7 26. Re2 Ra3 27. Rd1 (27. Qd4 $11) 27... Rca8 $17 28. Qc2 Qg4 (28... Qxf4 $17 {aiming for ...Rxa2.} 29. Qxc6 Rxa2 (29... Qxb4 30. e6 $11) 30. Rxa2 Rxa2 31. Qxd5 Qe3+ 32. Kh1 Rb2) 29. h3 (29. Red2 $1 $11) 29... Rxh3 30. e6 $2 (30. Rde1 $17 {is tougher.}) 30... fxe6 $19 31. Rde1 (31. Rd3 $142 Rxa2 32. Qxa2 Rxd3 33. Re1) 31... Rha3 $2 (31... Qg3 $19 {( -> ...Qh2+)} 32. Rf1 Qh2+ 33. Kf2 Qg3+ (33... Qxf4+ $2 34. Ke1 $19) 34. Kg1) 32. Qxc6 $11 Rxa2 (32... Qxf4 {with more complications.} 33. Qxe6+ Kh7 34. Qxd5 Rf8) 33. Qxe6+ Qxe6 34. Rxe6 {[%emt 0:00:04][%mdl 4096] Endgame KRR-KRR. Black is a pawn up.} Rf8 35. Rf1 Rf6 36. Re8+ Kf7 37. Rd8 Rb2 38. Rxd5 Rxb4 39. Rd7+ Kg6 40. g3 Rb2 41. Rf2 Rb3 42. Kg2 h5 (42... Rc6 $15) 43. Kh3 (43. Rf3 $11 Rxf3 44. Kxf3) 43... Rc6 (43... b5 $17) 44. Rd5 Kh6 45. Kh4 g6 46. Kh3 (46. Rfd2 $11 {remains equal.}) 46... Rbc3 ({Black should play} 46... Rcc3 $17 47. Rg5 Rb4) 47. Re2 {[%emt 0:01:37] The position is equal.} R3c5 48. Rd7 Rc7 49. Ree7 Rxd7 50. Rxd7 {[%emt 0:00:07] KR-KR. Black is a pawn up.} b5 51. Rb7 g5 {[%emt 0:00:39] ...gxf4 is in the air} 52. Rb6+ Kg7 53. fxg5 Rxg5 54. Kh4 Rc5 55. g4 hxg4 56. Kxg4 Kf7 57. Kf4 Ke7 58. Ke4 Kd7 59. Kd4 Rh5 60. Kc3 Kc7 61. Rg6 {[%emt 0:00:18] Weighted Error Value: White=0.34/Black=0.22 (precise)   Loses game:     	White=1     	---        Missed win:     	---       	Black=1      Mistake:       	White=5     	Black=4      Inaccurate:     	White=4     	Black=3      OK:         	White=25    	Black=25     Best:        	White=2     	Black=4} 1/2-1/2

[Event "4NCL Div 1 2024-25"]
[Site "England"]
[Date "2025.01.26"]
[Round "4.23"]
[White "Hryshchenko, Kamila"]
[Black "Baptie, Justin P"]
[Result "1-0"]
[Annotator "TA"]
[ECO "B21"]
[WhiteElo "2138"]
[BlackElo "2099"]
[PlyCount "67"]
[EventDate "2024.11.23"]
[EventType "team-tourn"]
[EventCountry "ENG"]
[SourceTitle "playchess.com"]
[Source "ChessBase"]
[SourceQuality "1"]
[TimeControl "40/6000+30:3000+30"]

1. e4 c5 2. d3 Nc6 3. f4 g6 4. Nf3 Bg7 5. Be2 d6 6. c3 {[%emt 0:02:12] B21: Sicilian: 2 f4 and Morra Gambit.} e6 7. O-O Nge7 8. Qe1 {[%emt 0:02:14] The position is equal.} b6 9. Qh4 $146 (9. Na3 Qd7 10. Nc4 b5 11. Ne3 f5 12. a4 b4 13. Nc4 bxc3 14. bxc3 Ba6 15. e5 dxe5 16. Nfxe5 Nxe5 17. Nxe5 {1-0 Nevanlinna,R (2263)-Kononen,K (2260) FIN-chT 1617 2016 (9.3)}) 9... h6 10. Na3 a6 11. Nc2 Ng8 12. Qf2 Nf6 13. h3 d5 14. e5 Ng8 ({Black should try} 14... Nd7 $1 $14) 15. Be3 (15. b4 $142) 15... Rb8 16. g4 Nge7 17. Qh4 (17. b3 $16) 17... Bb7 (17... h5 $11) 18. d4 $16 cxd4 (18... c4 $14) 19. cxd4 ({Better is} 19. Nfxd4 O-O 20. Rae1) 19... Na5 20. Bd3 {[%emt 0:01:36] White has more active pieces.} Nc4 (20... h5 $14) 21. Bc1 h5 22. Qg3 hxg4 23. hxg4 b5 24. b3 Na5 25. f5 gxf5 26. gxf5 Bh6 $2 {[%emt 0:03:18] [#] This costs Black the game.} (26... exf5 $16 27. Bg5 (27. Qxg7 Rg8 $14) 27... Nac6) 27. Bxh6 $18 Rxh6 28. Qg7 {[%emt 0:00:36] Inhibits Kd7.} Rh5 29. f6 Kd7 30. fxe7 Qxe7 31. Kf2 Rbh8 32. Ke2 Nc6 33. Rg1 R8h7 $2 {[%emt 0:00:32] [#]} (33... Kc8 34. Raf1 Nd8) 34. Bxh7 {[%emt 0:00:56] Weighted Error Value: White=0.26 (precise) /Black=0.58  Loses game:     	---       	Black=1      Mistake:       	White=3     	Black=5      Inaccurate:     	---       	Black=2      OK:         	White=8     	Black=4      Best:        	White=2     	---} 1-0

[Event "4NCL Div 1 2024-25"]
[Site "England"]
[Date "2025.01.26"]
[Round "4.24"]
[White "Pert, Nina"]
[Black "Varnam, Liam D"]
[Result "1-0"]
[Annotator "TA"]
[ECO "B33"]
[WhiteElo "1984"]
[BlackElo "2033"]
[PlyCount "85"]
[EventDate "2024.11.23"]
[EventType "team-tourn"]
[EventCountry "ENG"]
[SourceTitle "playchess.com"]
[Source "ChessBase"]
[SourceQuality "1"]
[TimeControl "40/6000+30:3000+30"]

1. e4 c5 2. Nf3 Nc6 3. d4 cxd4 4. Nxd4 Nf6 5. Nc3 e5 6. Ndb5 d6 7. Bg5 a6 8. Na3 b5 9. Nd5 Be7 10. Bxf6 Bxf6 11. c3 Rb8 12. Nc2 O-O 13. g3 Bg5 {[%emt 0:00:00] B33: Sicilian: Pelikan and Sveshnikov Variations.} 14. h4 Bh6 15. Bh3 Be6 {[%emt 0:00:00] The position is equal.} 16. Nce3 (16. Bf5 {looks sharper.} Bxd5 17. Qxd5 Qb6 18. O-O) 16... Bxe3 17. Nxe3 Ne7 18. h5 $146 (18. Qd2 Qd7 19. Bg2 f5 20. O-O-O Rb6 21. exf5 Nxf5 22. Nxf5 Bxf5 23. Qe3 Qc7 24. Bd5+ {1-0 Djukic,K (1536)-Field,R (1810) Wch U16 Girls 2023 (3)}) 18... Qd7 19. g4 (19. h6 $14 g6 (19... Bxh3 $2 20. hxg7 Rfd8 21. Qh5 $18) 20. Bxe6 Qxe6 21. Qb3) 19... Qc6 (19... b4 $15 {is more appropriate.}) 20. Qf3 $11 d5 21. h6 dxe4 $17 (21... gxh6 $6 22. Bg2 d4 23. Nf5 Bxf5 24. gxf5 $14) 22. Qg3 {[%emt 0:00:21] [#]} g6 (22... gxh6 23. Qxe5 f6 24. Qf4 $11) (22... g5 $1 $17 {...Ng6 would now be deadly.} 23. Qxe5 f6) 23. O-O f6 24. Bg2 g5 25. Rfe1 Ng6 26. Nc2 (26. Nf1 $15) 26... Nf4 (26... Qc8 $17 27. Ne3 Qb7) 27. Bxe4 $15 Qd7 28. Nb4 $2 (28. Ne3 $1 $11 {and White stays safe.}) 28... Rb6 29. Qe3 $2 (29. Bf3 {was called for.}) 29... Rd6 $19 30. a4 a5 $2 (30... Bxg4 31. axb5 Qxb5 (31... axb5 32. Ra7 $14) 32. Qa7 $11) (30... bxa4 $19 31. c4 Bxc4 (31... Bxg4 $2 32. Nd5 $19)) 31. axb5 $1 $15 Bxg4 (31... axb4 32. Ra7 Qxb5 33. Rg7+ Kh8 34. Rxh7+ Kg8 35. Rg7+ Kh8 36. Rh7+ Kg8 37. c4 $11) ({Better is} 31... Bf7 $1 $15 32. Bf5 Qxb5) 32. Rxa5 $11 Rd1 33. Nc2 Rxe1+ $2 ({But not} 33... f5 $6 34. Bg2 $16) (33... Bh5 $11 34. Kh2 Bg6 35. Rxd1 Qxd1) 34. Nxe1 $18 {[%emt 0:00:10] Hoping for Ra7.} f5 $2 (34... Ne2+ 35. Kf1 Nf4) 35. Bc2 {[%emt 0:00:21] Threatening mate with Bb3+.} Ne2+ $2 (35... Bd1 36. Qa7 (36. Qxe5 Bxc2 37. Qg7+ Qxg7 $16) 36... Qxa7 37. Rxa7 Bxc2 38. Nxc2 Rb8) 36. Kh2 Qf7 {[%emt 0:00:38] [#] Against Bb3} 37. Bb3 $1 {[%emt 0:01:26] White mates.} Qxb3 (37... Nf4 38. Qxe5) 38. Qxg5+ Kf7 39. Ra7+ Ke6 40. Qe7+ Kd5 41. Qd7+ Ke4 42. Qd3+ Kf4 43. Qe3# {[%emt 0:00:36] Weighted Error Value: White=0.51/Black=0.90  Loses game:     	White=1     	Black=1      Missed win:     	---       	Black=1      Mistake:       	White=4     	Black=6      Inaccurate:     	White=3     	Black=4      OK:         	White=6     	Black=5      Best:        	White=1     	Black=2      Strong:       	White=1     	---} 1-0

[Event "4NCL Div 1 2024-25"]
[Site "England"]
[Date "2025.01.26"]
[Round "4.25"]
[White "Rendle, Thomas E"]
[Black "Gormally, Daniel W"]
[Result "0-1"]
[Annotator "TA"]
[ECO "E69"]
[WhiteElo "2383"]
[BlackElo "2424"]
[PlyCount "92"]
[EventDate "2024.11.23"]
[EventType "team-tourn"]
[EventCountry "ENG"]
[SourceTitle "playchess.com"]
[Source "ChessBase"]
[SourceQuality "1"]
[TimeControl "40/6000+30:3000+30"]

1. d4 Nf6 2. c4 g6 3. g3 Bg7 4. Bg2 O-O 5. Nc3 d6 6. Nf3 Nbd7 7. O-O e5 8. e4 c6 9. h3 Re8 10. Re1 exd4 11. Nxd4 a5 12. Be3 Nc5 13. Qc2 a4 14. Rad1 Nfd7 15. f4 Qa5 16. Bf2 Nb6 {[%emt 0:00:00] 16...Nb6 has become a bit dusty these days. E69: King's Indian: Fianchetto: 6...Nbd7 7 0-0 e5 8 e4 c6 9 h3.} 17. Bf1 (17. Nb1 {simplifies} f5 18. Nc3 Nxe4 19. Nxe4 fxe4 20. Rxe4 Bd7 21. Rxe8+ Rxe8 22. b3) 17... Bd7 18. Nf3 ({White should try} 18. g4 $14) 18... a3 $15 {[%emt 0:00:00] Black is slightly better.} 19. Rxd6 $146 (19. Bd4 Bxd4+ 20. Nxd4 axb2 21. Qxb2 Nba4 22. Nxa4 Qxa4 23. Nb3 Nxe4 24. Rxe4 Rxe4 25. Rxd6 Qa7+ 26. c5 Be6 27. Qf6 Bxb3 {0-1 Grey,P (2000)-Winslow,E (2421) San Francisco TNM Fall op 2011 (8)}) 19... axb2 {[%emt 0:00:00][%csl Ob2] Black has a strong passed pawn. Black plays on the queen side and is better} 20. e5 Be6 21. Nd2 (21. Qxb2 $15 Nxc4 22. Bxc4 Bxc4 23. Nd2) 21... Nba4 $17 22. Nxa4 Nxa4 23. Ne4 {[%emt 0:06:51] [#]} Bf5 $1 24. Bg2 Bxe4 25. Bxe4 Bf8 {[%emt 0:00:00] Wards off c5} 26. c5 Bxd6 27. cxd6 Nc3 $2 (27... c5 $19 {[%cal Oc5c4] ...c4! is the strong threat.} 28. Rb1 Qb5 (28... Qc3 $2 29. Be1 $19)) 28. Qxb2 $11 Nxe4 29. Rxe4 Qxa2 30. Qxa2 (30. Qxb7 Qc2 31. Re1 Reb8 $17) 30... Rxa2 {[%emt 0:00:00][%mdl 4096] Endgame KRR-KRB} 31. Rd4 {[%emt 0:00:18] Wards off Rd2} Kf8 32. g4 {[%emt 0:01:00] [#]} g5 33. f5 Re2 (33... Rxe5 34. d7 Ra8 (34... Ra1+ $2 35. Kg2 $18) 35. d8=Q+ (35. d8=R+ Re8 $18) 35... Rxd8 36. Rxd8+ Ke7 37. Rc8 $18) 34. Rd1 {[%emt 0:01:24] Strongly threatening d7.} (34. Rd3 $5 Rd8 $8 (34... R2xe5 $2 35. d7 $18) 35. Bb6 $14) 34... Rd8 (34... R2xe5 $2 35. d7 $18) 35. Bg3 (35. d7 $1 $11 Rxf2 (35... Rxe5 36. Bb6 $16) 36. Kxf2) 35... Ke8 $17 36. Rb1 $2 (36. Kf1 $17 Re4 37. Rb1) 36... b5 37. Kf1 Re4 (37... Re3 $19 38. Kf2 Rd3) 38. Kf2 (38. Ra1 $17) 38... Kd7 39. Kf3 Ra4 40. h4 $2 (40. Re1 Re8 41. h4) 40... Ra3+ $19 41. Kg2 gxh4 42. Bf4 h3+ 43. Kh2 Re8 44. Bg3 Rxg3 45. e6+ (45. Kxg3 {only move.} Rxe5 46. Kxh3) 45... fxe6 (45... Kxd6 46. exf7 Rb8 (46... Rxg4 $2 {is the wrong capture.} 47. fxe8=Q Ra4 48. Qe6+ Kc7 49. f6 $18) (46... Rg2+ 47. Kxh3 Rf8 48. Kxg2 $11) 47. Re1 $19 (47. Kxg3 $2 Ke7 $19)) 46. Kxg3 exf5 {[%emt 0:00:00] Weighted Error Value: White=0.54/Black=0.28 (precise)   Loses game:     	White=1     	---        Missed win:     	---       	Black=1      Mistake:       	White=6     	Black=1      Inaccurate:     	White=1     	Black=2      OK:         	White=8     	Black=11     Best:        	White=3     	Black=3      Strong:       	---       	Black=1} ({Weaker is} 46... Kxd6 47. Rd1+ Kc7 48. Kxh3 $19) 0-1